 Dungeon Crawl Stone Soup version 0.30.1-9-gdf580d7c3d (webtiles) character file.

Game seed: 10156255440177126041

21 lonewolfV2 the Trooper (level 2, 0/27 HPs)
             Began as a Minotaur Fighter on Oct 22, 2023.
             Slain by an orc
             ... wielding a +0 mace
              (7 damage)
             ... on level 2 of the Dungeon.
             The game lasted 00:00:48 (579 turns).

lonewolfV2 the Trooper (Minotaur Fighter)            Turns: 579, Time: 00:00:49

Health: 0/27       AC:  7    Str: 20    XL:     2   Next: 62%
Magic:  1/1        EV:  9    Int:  5    God:
Gold:   12         SH:  4    Dex:  9    Spells: 1/1 levels left

rFire   . . .        a - +0 war axe
rCold   . . .        c - +0 buckler
rNeg    . . .        b - +0 scale mail
rPois   .            (helmet restricted)
rElec   .            (no cloak)
rCorr   .            (no gloves)
SInv    .            (no boots)
Will    .....        (no amulet) Stlth
                     (no ring)
HPRegen 0.24/turn    (no ring)
MPRegen 0.07/turn

%: no passive effects
@: no status effects
A: horns 2, retaliatory headbutt
a: no special abilities


You were on level 2 of the Dungeon.
You visited 1 branch of the dungeon, and saw 2 of its levels.

You collected 12 gold pieces.

Inventory:

Hand Weapons
 a - a +0 war axe (weapon)
Armour
 b - a +0 scale mail (worn)
 c - a +0 buckler (worn)
Scrolls
 f - a scroll of magic mapping
Potions
 d - a potion of might
 e - a potion of flight {unknown}


   Skills:
 + Level 4.1 Fighting
 - Level 2.4 Axes
 + Level 4.0 Armour
 + Level 4.0 Shields


You had one spell level left.
You didn't know any spells.
Your spell library was empty.

Dungeon Overview and Level Annotations

Branches:
Dungeon (2/15)

Altars:

Shops:
D:1 *


Innate Abilities, Weirdness & Mutations

You have a pair of horns on your head.
You reflexively headbutt those who attack you in melee.


Message History

Your headbutt misses the orc. You hit the orc. The orc hits you with a +0 club.
The orc hits you but does no damage.
You closely miss the orc. You hit the orc. The orc hits you but does no damage.
You closely miss the orc wizard. You hit the orc.
The orc hits you but does no damage.
The orc wizard points at you and mumbles some strange words.
The puff of flame hits you. You block the orc's attack.
You closely miss the orc wizard. You slash the orc!
You kill the orc!
You barely miss the orc. The orc wizard misses you.
The orc completely misses you.
Unknown command.
You closely miss the orc wizard. Your headbutt misses the orc wizard.
You completely miss the orc.
The orc wizard gestures at you while chanting.
You resist with significant effort. You block the orc's attack.
The orc barely misses you.
The orc wizard hits you with a +0 dagger.
The orc barely misses you.
You slash the orc wizard! Your headbutt misses the orc wizard.
The orc wizard is heavily wounded.
You hit the orc. x2
A dart slug comes into view.
The orc wizard barely misses you. The orc hits you with a +0 mace.
The orc hits you with a +0 hand axe.
* * * LOW HITPOINT WARNING * * *
You hit the orc wizard. You headbutt the orc wizard.
The orc wizard is almost dead.
You hit the orc.
You kill the orc!
You barely miss the orc.
The orc wizard hits you but does no damage.
The orc hits you but does no damage.
Unknown command.
You closely miss the orc wizard.
The orc wizard is almost dead.
You hit the orc but do no damage. You hit the orc.
You block the orc wizard's attack. The orc hits you but does no damage. x2
The orc hits you with a +0 mace!
You die...

## ####.#.
#.###.###.......
..w.?..#<.....#
#@#####...
......ooo#
.........#
.........#
.........#
.........#
.........#
.........#


You could see an orc wizard, a dart slug and 2 orcs.

Vanquished Creatures
  A dart slug (D:1)
  2 orcs (D:2)
  3 endoplasms (D:1)
  2 giant cockroaches (D:1)
  A hobgoblin (D:1)
  A quokka (D:1)
  2 bats (D:1)
  2 frilled lizards (D:1)
  2 kobolds (D:1)
16 creatures vanquished.

Notes
Turn   | Place    | Note
-------+----------+-------------------------------------------
     0 | D:1      | lonewolfV2 the Minotaur Fighter began the quest for the
                  | Orb.
     0 | D:1      | Reached XP level 1. HP: 19/19 MP: 0/0
   139 | D:1      | Found Odey's Assorted Antiques.
   243 | D:1      | Reached XP level 2. HP: 26/27 MP: 1/1
   579 | D:2      | Slain by an orc

Illustrated notes

Levels and vault maps discovered:
D:1:      amcnicky_arrival_double_pillar, layout_rooms, serial_shops, shop
D:2:      layout_loops_ring, basic_altar, minmay_pentomino_q4, uniq_jessica

Skill      XL: |  1  2 |
---------------+-------+-----
Fighting       | 4 |  4.1
Armour         | 4 |  4.0
Shields        | 4 |  4.0
Axes           | |  2.4

Action                     || total
---------------------------++-------
  Melee: War axe           ||    33
         Headbutt          ||     3
    Use: Scroll            ||     1
 Armour: Scale mail        ||    15
  Dodge: Dodged            ||    18
  Block: Buckler           ||     6
